 Dungeon Crawl Stone Soup version 0.23-a0-586-gacb4b3f (webtiles) character file.

1209 theanonym the Basher (level 8, -2/56 HPs)
             Began as a Mummy Warper on Dec 19, 2018.
             Was an Initiate of Gozag.
             Slain by a centaur
             ... wielding the +11 trident "Ruopnol" {pierce, *Contam Dex+5}
              (4 damage)
             ... on level 5 of the Dungeon.
             The game lasted 00:09:44 (6615 turns).

theanonym the Basher (Mummy Warper)                 Turns: 6615, Time: 00:09:45

Health: -2/56      AC: 12    Str: 17    XL:     8   Next: 22%
Magic:  12/12      EV:  6    Int: 12    God:    Gozag
Gold:   342        SH:  4    Dex: 11    Spells: 12/12 levels left

rFire    x . .     SeeInvis .   a - +0 flail
rCold    + . .     Gourm    .   p - +0 buckler
rNeg     + + +     Faith    .   q - +0 chain mail
rPois    ∞         Spirit   .   j - +0 helmet
rElec    .         Reflect  .   o - +1 cloak
rCorr    .         Harm     .   m - +0 pair of gloves
MR       +....                  (no boots)
Stlth    ..........             (no amulet)
HPRegen  0.18/turn              (no ring)
MPRegen  0.13/turn              (no ring)

@: gold aura
A: no food or potions, fire vulnerability, cold resistance 1, negative energy
resistance 3, torment resistance, unbreathing
a: Potion Petition, Call Merchant, Bribe Branch, Renounce Religion


Innate Abilities, Weirdness & Mutations

You do not eat or drink.
Your flesh is vulnerable to fire.
You are immune to poison.
Your flesh is cold resistant. (rC+)
You are immune to negative energy. (rN+++)
You are immune to unholy pain and torment.
You can survive without breathing.


   Skills:
 - Level 2.0 Fighting
 + Level 8.1 Maces & Flails
 - Level 0.7 Throwing
 - Level 0.7 Armour
 - Level 1.5 Dodging
 + Level 2.0 Shields
 - Level 2.6 Spellcasting
   Level 2.4 Translocations


You had 12 spell levels left.
You didn't know any spells.
Your spell library contained the following spells:

 Spells                   Type           Power        Failure   Level  Hunger
 Blink                    Tloc           N/A          97%         2    N/A
 Shroud of Golubria       Chrm/Tloc      #.........   99%         2    N/A
 Gell's Gravitas          Tloc           #.........   99%         3    N/A
 Lesser Beckoning         Tloc           #.........   99%         3    N/A
 Teleport Other           Tloc           #.......     99%         3    N/A
 Passage of Golubria      Tloc           N/A          100%        4    N/A

Skill      XL: |  1  2  3  4  5  6  7  8 |
---------------+-------------------------+-----
Maces & Flails | 2 3 5 6 7 8 |  8.1
Shields        | 1 2 |  2.0
Fighting       | |  2.0
Throwing       | |  0.7
Armour         | |  0.7
Dodging        | |  1.5
Spellcasting   | |  2.6
Translocations | |  2.4

Action                   |  1- 3 |  4- 6 |  7- 9 || total
-------------------------+-------+-------+-------++-------
Melee: Mace              |   131 |       |    45 ||   176
       Halberd           |    58 |   182 |       ||   240
       Flail             |       |       |   218 ||   218
Throw: Throwing net      |       |     1 |     1 ||     2
Invok: Potion Petition   |       |       |     1 ||     1
Evoke: Wand              |       |       |     1 ||     1
  Use: Scroll            |       |     5 |     5 ||    10
 Stab: Distracted        |       |       |     2 ||     2
       Invisible         |       |       |     2 ||     2
Armor: Leather armour    |    80 |       |       ||    80
       Scale mail        |     5 |   116 |    45 ||   166
       Chain mail        |       |       |   137 ||   137
Dodge: Dodged            |   180 |   107 |   129 ||   416
Block: Buckler           |       |       |    20 ||    20

Inventory:

Hand Weapons
 a - a +0 flail (weapon)
   (You took it off an orc on level 3 of the Dungeon)
Missiles
 c - 6 needles of paralysis
 d - a curare-tipped needle (quivered)
 e - 5 tomahawks of dispersal
 g - 4 tomahawks
 i - a throwing net
 s - 8 poisoned needles
Armour
 j - a +0 helmet (worn)
   (You found it on level 2 of the Dungeon)
 k - a +0 scale mail
   (You found it on level 2 of the Dungeon)
 m - a +0 pair of gloves (worn)
   (You found it on level 2 of the Dungeon)
 o - a +1 cloak (worn)
   (You found it on level 3 of the Dungeon)
 p - a +0 buckler (worn)
   (You found it on level 4 of the Dungeon)
 q - a +0 chain mail (worn)
   (You took it off an orc priest on level 3 of the Dungeon)
Scrolls
 b - a scroll of fear
 f - a scroll of fog
 h - a scroll of summoning
 l - 2 scrolls of immolation
 n - a scroll of remove curse
 r - a scroll of identify
 t - 2 scrolls of teleportation {!r}
 B - a scroll of blinking


You were on level 5 of the Dungeon.
You worshipped Gozag.
Gozag was aware of your devotion.
You were not hungry.

You visited 1 branch of the dungeon, and saw 5 of its levels.

You collected 612 gold pieces.
You spent 200 gold pieces at shops.
You paid 70 gold pieces to Gozag.

Dungeon Overview and Level Annotations

Branches:
Dungeon (5/15)
 Temple: D:4-7

Altars:
Cheibriados
Dithmenos
Gozag
Kikubaaqudgha
Sif Muna
Wu Jian
Yredelemnul

Shops:
D:4 ?

Annotations:
D:4 2 runed doors, Leeroy's ghost, amateur MfSk

#<.## #. ##..# #.
##.# #.# ### #.#
#..###.#####.#
####.........#..#
##........##.....##
...(...c.# #......#
#.@$###..###..#
##s(#...## #..#
#.....## .##
##....# ## #.(.##
#####


You could see a centaur and a giant cockroach.

Notes
Turn   | Place    | Note
-------+----------+-------------------------------------------
     0 | D:1      | theanonym the Mummy Warper began the quest for the Orb.
     0 | D:1      | Reached XP level 1. HP: 16/16 MP: 4/4
   163 | D:1      | HP: 7/16 [jackal (2)]
   173 | D:1      | Reached skill level 2 in Maces & Flails
   174 | D:1      | HP: 3/16 [jackal (1)]
   179 | D:1      | HP: 2/16 [jackal (1)]
   477 | D:1      | Reached XP level 2. HP: 19/22 MP: 5/5
   488 | D:1      | HP: 11/22 [jackal (3)]
   499 | D:1      | HP: 9/22 [bat (1)]
   745 | D:1      | HP: 10/22 [frilled lizard (2)]
   977 | D:1      | Reached XP level 3. HP: 24/27 MP: 7/7
  1042 | D:1      | HP: 12/27 [gnoll/+0 halberd (4)]
  1043 | D:1      | Reached skill level 3 in Maces & Flails
  1220 | D:1      | HP: 11/27 [kobold (3)]
  1225 | D:1      | HP: 7/27 [frilled lizard (2)]
  2326 | D:2      | Reached XP level 4. HP: 30/33 MP: 8/8
  2578 | D:2      | Found an ancient bone altar of Kikubaaqudgha.
  2847 | D:3      | Found a shadowy altar of Dithmenos.
  2848 | D:3      | Found a snail-covered altar of Cheibriados.
  2862 | D:3      | Found a deep blue altar of Sif Muna.
  2862 | D:3      | Found an ornate altar of the Wu Jian Council.
  2868 | D:3      | Noticed Jessica
  2884 | D:3      | Reached skill level 4 in Maces & Flails
  2925 | D:3      | Killed Jessica
  2940 | D:3      | Found an opulent altar of Gozag.
  2944 | D:3      | Noticed Grinder
  2953 | D:3      | Paralysed by Grinder for 6 turns
  2970 | D:3      | Killed Grinder
  2970 | D:3      | Reached skill level 5 in Maces & Flails
  2970 | D:3      | Reached XP level 5. HP: 25/38 MP: 9/9
  2970 | D:3      | Reached XP level 6. HP: 29/44 MP: 10/10
  3073 | D:3      | Became a worshipper of Gozag Ym Sagoz the Greedy
  3109 | D:3      | Noticed Sigmund
  3129 | D:3      | HP: 19/44 [something/puff of flame (12)]
  3134 | D:3      | HP: 12/44 [something (1)]
  3136 | D:3      | HP: 5/44 [something (3)]
  3428 | D:3      | Killed Sigmund
  3428 | D:3      | Reached skill level 6 in Maces & Flails
  3791 | D:3      | Noticed Ijyb
  3816 | D:3      | Killed Ijyb
  3816 | D:3      | Reached XP level 7. HP: 50/50 MP: 11/11
  3864 | D:3      | HP: 17/50 [orc priest/divine providence (12)]
  3869 | D:3      | HP: 1/50 [orc priest/divine providence (14)]
  3908 | D:3      | HP: 5/50 [orc/+0 short sword (2)]
  4495 | D:3      | HP: 24/50 [killer bee (4)]
  4513 | D:3      | HP: 25/50 [killer bee (5)]
  4520 | D:3      | HP: 16/50 [killer bee (1)]
  4522 | D:3      | HP: 6/50 [killer bee (5)]
  4523 | D:3      | Reached skill level 7 in Maces & Flails
  4993 | D:4      | HP: 20/50 [orc/+0 trident (7)]
  5003 | D:3      | HP: 19/50 [orc/+0 club (3)]
  5467 | D:4      | Found a basalt altar of Yredelemnul.
  5510 | D:4      | Found Kuinu's Magic Scroll Emporium.
  5518 | D:4      | Bought a scroll of fear for 35 gold pieces
  5518 | D:4      | Bought a scroll of identify for 20 gold pieces
  5518 | D:4      | Bought a scroll of summoning for 95 gold pieces
  5518 | D:4      | Bought a scroll of identify for 20 gold pieces
  5518 | D:4      | Bought a scroll of teleportation for 30 gold pieces
  5532 | D:4      | Found a runed door.
  5593 | D:4      | HP: 24/50 [ogre/+0 giant spiked club (17)]
  5603 | D:4      | HP: 19/50 [ogre/+0 giant spiked club (6)]
  5804 | D:4      | HP: 24/50 [black bear (6)]
  5807 | D:4      | HP: 7/50 [black bear (5)]
  5808 | D:4      | Reached skill level 1 in Shields
  5808 | D:4      | Reached XP level 8. HP: 8/56 MP: 12/12
  6107 | D:4      | Found a runed door.
  6107 | D:4      | Noticed Leeroy's ghost (amateur MfSk)
  6129 | D:4      | Reached skill level 8 in Maces & Flails
  6576 | D:5      | Entered Level 5 of the Dungeon
  6603 | D:5      | Identified the +11 trident "Ruopnol" {pierce, *Contam
                  | Dex+5}
  6607 | D:5      | Reached skill level 2 in Shields
  6611 | D:5      | HP: 28/56 [centaur/arrow (8)]
  6614 | D:5      | HP: 3/56 [centaur/the +11 trident "Ruopnol" {pierce,
                  | *Contam Dex+5} (17)]
  6615 | D:5      | Slain by a centaur

Vanquished Creatures
  Grinder (D:3)
  Sigmund (D:3)
  A black bear (D:4)
  An ogre (D:4)
  A centaur (D:4)
  3 killer bees (D:3)
  A howler monkey (D:4)
  3 orc priests
  3 orc wizards
  Jessica (D:3)
  Ijyb (D:3)
  An iguana (D:4)
  A worker ant (D:5)
  A hound skeleton (D:5)
  A gnoll (D:1)
  2 adders (D:3)
  An ooze (D:3)
  A worm (D:3)
  4 dart slugs
  2 leopard geckos
  17 orcs
  3 giant cockroaches
  5 goblins
  6 hobgoblins
  12 jackals
  3 quokkas
  3 ball pythons
  9 bats
  3 frilled lizards
  A jackal skeleton (D:4)
  6 kobolds
  A leopard gecko skeleton (D:4)
  10 rats
  2 rat zombies (D:2)
  A spectral orc (D:4)
113 creatures vanquished.

Table legend:
 A = Turns spent in this place as a percentage of turns spent in the entire game.
 B = Non-inter-level travel turns spent in this place as a percentage of non-inter-level travel turns spent in the entire game.
 C = Inter-level travel turns spent in this place as a percentage of turns spent in this place.
 D = Turns resting spent in this place as a percentage of non-inter-level travel turns spent in this place.
 E = Turns spent auto-exploring this place as a percentage of non-inter-level travel turns spent in this place.
 F = Non-inter-level travel turns spent in this place divided by the number of levels of this place that you've seen.
                   A       B       C       D       E      F
               +-------+-------+-------+-------+-------+----------------------
         Total | 100.0 | 100.0 |   3.5 |  55.5 |  25.8 | 1276.6
       Dungeon | 100.0 | 100.0 |   3.5 |  55.5 |  25.8 | 1276.6
               +-------+-------+-------+-------+-------+----------------------
